 Dungeon Crawl Stone Soup version 0.28-a0-1567-g1695149f81 (webtiles) character file.

Game seed: 2902312745654782807

19263 murtidash the Cleaver (level 12, -20/116 HPs)
             Began as a Hill Orc Delver on Jan 19, 2022.
             Was an Elder of Qazlal.
             Demolished by a death yak simulacrum (25 damage)
             ... in an ice cave.
             The game lasted 00:29:48 (16368 turns).

murtidash the Cleaver (Hill Orc Delver)            Turns: 16368, Time: 00:29:49

Health: -20/116    AC: 18    Str: 20    XL:     12   Next: 67%
Magic:  21/21      EV:  4    Int: 10    God:    Qazlal [****..]
Gold:   1240       SH:  5    Dex: 18    Spells: 11/11 levels left

rFire   . . .      SeeInvis +   a - +1 hand axe (elec)
rCold   . . .      Faith    .   (no shield)
rNeg    . . .      Spirit   .   E - +0 plate armour
rPois   +          Reflect  .   B - +1 helmet
rElec   .          Harm     .   (no cloak)
rCorr   .          Rampage  .   (no gloves)
Will    .....                   C - +0 pair of boots
Stlth   ..........              A - amulet of the acrobat
HPRegen 0.29/turn               P - ring of poison resistance
MPRegen 0.17/turn               U - ring of Goywun {Dex+6 SInv}

@: constricted, repel missiles
A: no striking features
a: Renounce Religion, Upheaval, Elemental Force


You were in an ice cave.
You worshipped Qazlal.
Qazlal was greatly pleased with you.
You visited 2 branches of the dungeon, and saw 13 of its levels.
You also visited: Ice Cave.

You collected 1240 gold pieces.


   Skills:
 + Level 13.9 Fighting
 + Level 14.8 Axes
 + Level 10.1 Armour
 - Level 1.5 Dodging
 - Level 4.1 Stealth
 + Level 12.0 Invocations


You had 11 spell levels left.
You didn't know any spells.
Your spell library contained the following spells:

 Spells                   Type           Power      Damage    Failure   Level
 Blink                    Tloc           0%         N/A       100%        2
 Ensorcelled Hibernation  Hex/Ice        0%         N/A       100%        2
 Passwall                 Tmut/Erth      0%         N/A       100%        2
 Sublimation of Blood     Necr           0%         N/A       100%        2
 Wereblood                Tmut           0%         N/A       100%        2
 Lesser Beckoning         Tloc           0%         N/A       100%        3
 Swiftness                Air            0%         N/A       100%        3
 Manifold Assault         Tloc           0%         N/A       100%        5
 Summon Hydra             Summ           0%         N/A       100%        7

Inventory:

Hand Weapons
 a - a +1 hand axe of electrocution (weapon)
   (You took it off Terence on level 3 of the Dungeon)
 b - a +2 hunting sling of flaming
   (You took it off Joseph on level 7 of the Dungeon)
 c - a +2 scimitar of flaming
   (You took it off an efreet on level 10 of the Dungeon)
 x - a +3 war axe
   (You took it off an orc warrior on level 11 of the Dungeon)
 z - a +1 battleaxe of freezing
   (You took it off a wight on level 7 of the Dungeon)
 V - the +7 falchion "Gagoump" {vamp, rElec Str+4 Int+3}
   (You found it on level 6 of the Dungeon)

   It occasionally heals its wielder for a portion of the damage dealt when it
   wounds a living foe.
   Str:       It affects your strength (+4).
   Int:       It affects your intelligence (+3).
   rElec:     It insulates you from electricity.
 Y - a +0 arbalest
   (You found it on level 9 of the Dungeon)
Missiles
 l - 143 sling bullets
 n - 370 stones (quivered)
 y - 68 bolts
 D - a throwing net {=f!f}
 Q - 4 boomerangs
 X - 2 boomerangs of dispersal {=f!f}
Armour
 B - a +1 helmet (worn)
   (You took it off Robin on level 3 of the Dungeon)
 C - a +0 pair of boots (worn)
   (You found it on level 3 of the Dungeon)
 E - a +0 plate armour (worn)
   (You found it on level 5 of the Dungeon)
Jewellery
 A - an amulet of the acrobat (around neck)
   (You found it on level 2 of the Dungeon)
 L - a ring of flight
   (You found it on level 9 of the Dungeon)
 P - a ring of poison resistance (left hand)
   (You found it on level 8 of the Dungeon)
 U - the ring of Goywun (right hand) {Dex+6 SInv}
   (You found it on level 11 of the Dungeon)

   [ring of dexterity]

   Dex:       It affects your dexterity (+6).
   SInv:      It lets you see invisible.
Wands
 q - a wand of polymorph (3)
   (You found it on level 10 of the Dungeon)
 u - a wand of flame (2)
   (You took it off Maggie on level 1 of the Lair of Beasts)
Scrolls
 d - 4 scrolls of magic mapping {!r}
 e - 6 scrolls of fear
 i - 12 scrolls of identify {unknown}
 j - a scroll of amnesia {unknown}
 k - 4 scrolls of teleportation {unknown}
 m - 5 scrolls of immolation {!r!r}
 o - 3 scrolls of enchant armour {unknown}
 p - 4 scrolls of fog
 s - 3 scrolls of holy word {unknown}
 t - a scroll of blinking {unknown}
 w - a scroll of silence {unknown}
 M - a scroll of enchant weapon {unknown}
 T - a scroll of noise {unknown}
Potions
 f - 3 potions of haste {@q3}
 g - a potion of flight {unknown}
 h - 2 potions of attraction {unknown}
 r - a potion of invisibility {unknown}
 v - 2 potions of heal wounds {unknown}
 F - 3 potions of curing {@q1}
 H - a potion of ambrosia {unknown}
 I - a potion of degeneration {unknown}
 K - a potion of magic {unknown}
 N - a potion of mutation {unknown}
 O - 2 potions of lignification {unknown}
 R - 2 potions of might {unknown}
 S - a potion of cancellation {unknown}
 W - a potion of berserk rage {unknown}
 Z - a potion of brilliance {unknown}

Dungeon Overview and Level Annotations

Branches:
Dungeon (12/15)            Temple (0/1) D:7            Lair (1/6) D:11
  IceCv (1/1)
    Orc: D:9-12

Altars:
Ashenzari
Cheibriados
Dithmenos
Fedhas
Makhleb
Okawaru
Qazlal
Ru
Sif Muna
Uskayaw
Xom
Yredelemnul
Zin
Beogh

Shops:
D:1 *   D:7 :

Annotations:
Lair:1 Sonja

#######
##.....##
##.@§§...##
##.ZuZ○....##
#..§..∩.....#
#...........#
#...........#
#.............#
#....8...8....#
#......$......#
##....$?)....##


You could see a white ugly thing, an anaconda simulacrum and a death yak
simulacrum.


Message History

Maggie burns you.
The komodo dragon bites you but does no damage. 😕 HP[-15]
You take 15 damage, and now have 88/116 hp.
You hit Maggie but do no damage. You slash the komodo dragon! 😕 HP[+1]
You hit Maggie.
You kill Maggie!
Qazlal accepts your kill.
You hit the komodo dragon.
Your Invocations skill increases to level 12!
You closely miss the komodo dragon. The komodo dragon bites you. 😮 HP[-3]
You take 3 damage, and now have 86/116 hp.
You slash the komodo dragon!
Lightning courses through the komodo dragon!!
You kill the komodo dragon!
Qazlal accepts your kill.
u - a wand of flame (2)
Things that are here:
a +4 halberd of flaming; +2 steam dragon scales 😮 HP[+1] 😮 MP[+1]
Your mp is fully restored (21).
Aiming: Dig
Press: ? - help, Shift-Dir - straight line A rock wall.
The rock shatters into small pieces.
The now-empty wand crumbles to dust. 😕 HP[+1]
You hear a shout!
You hear a shout! 😕 HP[+1]
g - a dark potion 😕 HP[+1] Sonja, the Graceful Assassin comes into view.
She is wielding a +0 short sword of distortion and quivering curare-tipped darts.
Aiming: Polymorph
Press: ? - help, Shift-Dir - straight line, f - Sonja
Aim: Sonja, wielding a +0 short sword of distortion and quivering curare-tipped darts (will become a fire bat, a centaur, or a black bear, chance to affect: 57%) Sonja resists with significant effort.
Sonja casts a spell.
Sonja blinks! 😕 HP[+1]
Found a frozen archway. 😕 HP[+1]
Your extra speed is starting to run out.
There is a frozen archway here. 😕 HP[+1]
The world spins around you as you enter the gateway.
You enter an ice cave!
The white ugly thing gurgles horribly!
Found four items.
Found an ice covered gate leading back out of this place.
There is an ice choked empty arch of ancient stone here.
There is an ice covered gate leading back out of this place here. 😕 HP[+1]
The cane toad simulacrum misses you.
You slash the cane toad simulacrum!
Lightning courses through the cane toad simulacrum!
Qazlal accepts your kill.
You feel yourself slow down.
You hit the white ugly thing.
Lightning courses through the white ugly thing!! 😕 HP[+1]
You hit the white ugly thing.
The anaconda simulacrum is struck by lightning.
The anaconda simulacrum grabs you.
You block the anaconda simulacrum's attack.
The anaconda simulacrum constricts you.
You hit the white ugly thing.
You completely miss the death yak simulacrum.
You hit the anaconda simulacrum. The white ugly thing trunk-slaps you!
The white ugly thing freezes you!!
* * * LOW HITPOINT WARNING * * *
😨 HP[-37]
You take 37 damage, and now have 58/116 hp.
MASSIVE DAMAGE!! (PAUSE)
You slash the white ugly thing! You hit the anaconda simulacrum.
You hit the death yak simulacrum.
Lightning courses through the death yak simulacrum!!
The anaconda simulacrum bites you!
* * * LOW HITPOINT WARNING * * *
The anaconda simulacrum freezes you!!
* * * LOW HITPOINT WARNING * * *
The anaconda simulacrum constricts you.
* * * LOW HITPOINT WARNING * * *
😨 HP[-28]
You take 28 damage, and now have 30/116 hp.
MASSIVE DAMAGE!! (PAUSE)
You barely miss the white ugly thing.
You hit the death yak simulacrum but do no damage.
You slash the anaconda simulacrum!
The anaconda simulacrum completely misses you.
The anaconda simulacrum constricts you. The white ugly thing trunk-slaps you.
* * * LOW HITPOINT WARNING * * *
The white ugly thing freezes you!!
* * * LOW HITPOINT WARNING * * *
The death yak simulacrum gores you.
* * * LOW HITPOINT WARNING * * *
The death yak simulacrum freezes you!!
You die...

Skill      XL: |  1  2  3  4  5  6  7  8  9 10 11 12 |
---------------+-------------------------------------+-----
Axes           | 3 4 5 6 7 8 10 11 12 13 14 | 14.8
Fighting       | 4 5 6 7 8 9 10 11 13 | 13.9
Invocations    | 3 6 8 10 12 | 12.0
Armour         | 3 5 7 9 10 | 10.1
Dodging        | |  1.5
Stealth        | |  4.1

Action                   |  1- 3 |  4- 6 |  7- 9 | 10-12 || total
-------------------------+-------+-------+-------+-------++-------
Melee: Hand axe          |    33 |   112 |   194 |   738 ||  1077
       Mace              |    68 |    54 |       |       ||   122
       Punch             |     2 |     3 |     3 |     9 ||    17
 Fire: Hunting sling     |       |       |    28 |    31 ||    59
Evoke: Wand              |       |       |     4 |    22 ||    26
  Use: Potion            |       |     1 |     1 |     2 ||     4
       Scroll            |       |       |       |     1 ||     1
 Stab: Sleeping          |     6 |     6 |     2 |       ||    14
       Distracted        |       |     1 |       |       ||     1
       Paralysed         |       |       |     7 |     4 ||    11
Armor: Leather armour    |    35 |    28 |     7 |       ||    70
       Plate armour      |       |       |    68 |   332 ||   400
Dodge: Dodged            |    71 |    92 |    58 |   244 ||   465
       Repelled          |       |       |       |     3 ||     3
Block: Other             |       |       |     5 |    88 ||    93

Levels and vault maps discovered:
D:1:      evilmike_arrival_home_sweet_home, layout_basic, serial_shops,
          nicolae_shop_hallway_stairs
D:2:      layout_basic, serial_glass, glass_columns_b, glass_columns_a,
          hellmonk_ecumenical_altar_blasted, minmay_misc_feat_chi,
          grunt_decor_mini_mirrors, kennysheep_potato
D:3:      layout_basic, mainiacjoe_overflow_cross_hatched, uniq_robin,
          uniq_terence
D:4:      nicolae_cairo_tiling_very_big, layout_loops_ring, grunt_qazlal_clouds,
          minivault_19, serial_bayou_lagoon_b
D:5:      layout_loops_ring, mainiacjoe_overflow_alcove_2
D:6:      layout_basic, due_unseen_surprise
D:7:      layout_rooms, minmay_temple_entry_glassed_door, serial_shops, shop,
          uniq_joseph
D:8:      layout_loops_ring, minmay_overflow_temple_hex
D:9:      minmay_polygon_palace, layout_basic,
          mainiacjoe_overflow_catwalk_spiral, mainiacjoe_overflow_paths,
          special_room [special_room_orc], minivault_4
D:10:     layout_basic, minmay_holes, nrook_loot_triangle,
          minmay_fractal_squares_gapless_7, uniq_erolcha
D:11:     layout_basic, dpeg_oklobed_lair, chequers_mini_garden,
          small_chamber_with_monster, minivault_23, nicolae_sextant,
          xom_shifter_show
D:12:     layout_roguey, david_orc_2, uniq_jorgrun
Lair:1:   layout_cave_pods, portal_ice_cave_entry_pillars_1, uniq_maggie,
          uniq_sonja, uniq_grum, uniq_nergalle
IceCv:    ice_cave_statue_garden_transporter

Notes
Turn   | Place    | Note
-------+----------+-------------------------------------------
     0 | D:5      | murtidash the Hill Orc Delver began the quest for the Orb.
     0 | D:5      | Reached XP level 1. HP: 19/19 MP: 1/1
     0 | D:5      | magus.rc [v1.11.3]
    50 | D:4      | You pick up a book of Blood and begin reading...
    50 | D:4      | You add the spells Sublimation of Blood, Wereblood and
                  | Summon Hydra to your library.
   161 | D:4      | Reached skill level 3 in Axes
   177 | D:4      | Reached XP level 2. HP: 8/27 MP: 2/2
   398 | D:4      | Reached skill level 4 in Fighting
   714 | D:3      | Found a shadowy altar of Dithmenos.
   775 | D:1      | Found Gogo's Assorted Antiques.
   884 | D:1      | Reached XP level 3. HP: 30/34 MP: 3/3
  1029 | D:1      | Reached skill level 4 in Axes
  1757 | D:2      | Reached XP level 4. HP: 37/41 MP: 4/4
  1757 | D:2      | Found a faded altar of an unknown god.
  2322 | D:2      | Reached skill level 5 in Fighting
  2739 | D:3      | Noticed Terence
  2876 | D:3      | Killed Terence
  2877 | D:3      | Reached skill level 5 in Axes
  2877 | D:3      | Reached XP level 5. HP: 24/48 MP: 5/5
  3040 | D:3      | Noticed Robin
  3303 | D:3      | Killed Robin
  3906 | D:4      | Found a stormy altar of Qazlal.
  3947 | D:4      | Became a worshipper of Qazlal Stormbringer
  3964 | D:4      | Reached skill level 6 in Fighting
  4339 | D:4      | Reached skill level 6 in Axes
  4339 | D:4      | Reached XP level 6. HP: 49/57 MP: 6/6
  4967 | D:5      | Noticed a sky beast
  4985 | D:5      | Killed a sky beast
  4986 | D:5      | Reached skill level 7 in Fighting
  4986 | D:5      | Reached skill level 7 in Axes
  4986 | D:5      | Reached XP level 7. HP: 42/66 MP: 7/7
  5305 | D:5      | Reached skill level 8 in Fighting
  5305 | D:5      | Reached skill level 8 in Axes
  5393 | D:5      | Reached XP level 8. HP: 45/74 MP: 8/8
  5586 | D:5      | Found a glowing silver altar of Zin.
  5701 | D:6      | Reached skill level 9 in Axes
  5791 | D:6      | You pick up a book of Spatial Translocations and begin
                  | reading...
  5791 | D:6      | You add the spells Blink, Lesser Beckoning and Manifold
                  | Assault to your library.
  5831 | D:6      | Reached skill level 1 in Invocations
  5881 | D:6      | Reached skill level 9 in Fighting
  5881 | D:6      | Reached skill level 1 in Armour
  5890 | D:6      | Reached * piety under Qazlal
  6344 | D:6      | Reached skill level 2 in Invocations
  6561 | D:6      | Identified the +1 flail of Hard Scrabble {vorpal, rF+ rC-
                  | rN+ Will+}
  6565 | D:6      | Identified the +7 falchion "Gagoump" {vamp, rElec Str+4
                  | Int+3}
  6581 | D:7      | Found Jeseon's Book Shop.
  6593 | D:7      | Noticed Joseph
  6750 | D:7      | Reached skill level 2 in Armour
  6846 | D:7      | Killed Joseph
  6847 | D:7      | Reached skill level 10 in Axes
  6847 | D:7      | Reached skill level 3 in Armour
  6847 | D:7      | Reached skill level 3 in Invocations
  6847 | D:7      | Reached XP level 9. HP: 48/84 MP: 9/11
  7187 | D:6      | Reached skill level 4 in Invocations
  7462 | D:7      | Found a staircase to the Ecumenical Temple.
  7958 | D:8      | Noticed a two-headed ogre
  7982 | D:8      | Killed a two-headed ogre
  7983 | D:8      | Reached skill level 10 in Fighting
  7983 | D:8      | Reached skill level 4 in Armour
  7983 | D:8      | Reached skill level 5 in Invocations
  8241 | D:8      | Found a burning altar of Makhleb.
  8253 | D:8      | Reached skill level 11 in Axes
  8253 | D:8      | Reached skill level 6 in Invocations
  8262 | D:8      | Reached skill level 5 in Armour
  8289 | D:7      | Reached XP level 10. HP: 51/94 MP: 14/14
  8670 | D:8      | Reached skill level 7 in Invocations
  8684 | D:7      | Reached ** piety under Qazlal
  8685 | D:7      | Reached skill level 11 in Fighting
  8859 | D:7      | Reached skill level 6 in Armour
  9435 | D:8      | Found an iron altar of Okawaru.
  9435 | D:8      | Found a broken altar of Ashenzari.
  9435 | D:8      | Found a shimmering blue altar of Sif Muna.
  9471 | D:8      | Found a sacrificial altar of Ru.
  9476 | D:8      | Found a blossoming altar of Fedhas.
  9529 | D:9      | Noticed a manticore
  9674 | D:8      | Killed a manticore
  9883 | D:9      | Reached skill level 12 in Axes
  9937 | D:9      | You pick up a book of Burglary and begin reading...
  9937 | D:9      | You add the spells Passwall, Ensorcelled Hibernation and
                  | Swiftness to your library.
  9979 | D:9      | Reached skill level 8 in Invocations
 10069 | D:9      | Found a roughly hewn altar of Beogh.
 10134 | D:9      | Found a basalt altar of Yredelemnul.
 10202 | D:9      | Found a snail-covered altar of Cheibriados.
 10445 | D:9      | Found a hide-covered altar of Uskayaw.
 10623 | D:9      | Reached skill level 7 in Armour
 10718 | D:9      | Reached *** piety under Qazlal
 10832 | D:9      | Reached XP level 11. HP: 97/104 MP: 17/17
 10961 | D:9      | Reached skill level 9 in Invocations
 10983 | D:9      | Reached skill level 12 in Fighting
 11225 | D:9      | Noticed a cyclops
 11806 | D:10     | Entered Level 10 of the Dungeon
 11815 | D:10     | Noticed a two-headed ogre
 11838 | D:10     | Killed a two-headed ogre
 11839 | D:10     | Reached skill level 13 in Axes
 12073 | D:10     | Reached skill level 8 in Armour
 12518 | D:10     | Reached skill level 10 in Invocations
 12749 | D:10     | Noticed Erolcha
 12952 | D:10     | Reached **** piety under Qazlal
 13232 | D:10     | Noticed a wolf spider
 13248 | D:10     | Killed a wolf spider
 14208 | D:11     | Reached skill level 13 in Fighting
 14248 | D:11     | Reached skill level 9 in Armour
 14467 | D:11     | Found a staircase to the Lair.
 14467 | D:11     | Noticed an oklob plant
 14467 | D:11     | Noticed an oklob plant
 14479 | D:11     | Reached XP level 12. HP: 113/115 MP: 20/20
 14489 | D:11     | Reached skill level 14 in Axes
 14489 | D:11     | Reached skill level 11 in Invocations
 15082 | D:11     | Noticed Erolcha
 15082 | D:11     | Erolcha changed into Erolcha the sky beast
 15095 | D:11     | Killed Erolcha the sky beast
 15255 | D:11     | Found a shimmering altar of Xom.
 15258 | D:11     | Found a shimmering altar of Xom.
 15258 | D:11     | Found a shimmering altar of Xom.
 15258 | D:11     | Found a shimmering altar of Xom.
 15259 | D:11     | Found a shimmering altar of Xom.
 15259 | D:11     | Found a shimmering altar of Xom.
 15260 | D:11     | Found a shimmering altar of Xom.
 15260 | D:11     | Found a shimmering altar of Xom.
 15260 | D:11     | Found a shimmering altar of Xom.
 15261 | D:11     | Found a shimmering altar of Xom.
 15297 | D:11     | Identified the ring of Goywun {Dex+6 SInv}
 15345 | D:11     | Noticed a boulder beetle
 15476 | D:10     | Killed a boulder beetle
 16014 | D:11     | Paralysed by a floating eye for 3 turns
 16145 | D:12     | Reached skill level 10 in Armour
 16153 | D:12     | Noticed a five-headed hydra
 16292 | Lair:1   | Entered Level 1 of the Lair of Beasts
 16293 | Lair:1   | Noticed Maggie
 16317 | Lair:1   | Killed Maggie
 16318 | Lair:1   | Reached skill level 12 in Invocations
 16342 | Lair:1   | Noticed Sonja
 16347 | Lair:1   | Found a frozen archway.
 16356 | IceCv    | Entered an ice cave
 16368 | IceCv    | HP: 27/116 [white ugly thing (3)]
 16368 | IceCv    | HP: 6/116 [white ugly thing (21)]
 16368 | IceCv    | Demolished by a death yak simulacrum

Vanquished Creatures
  A boulder beetle (D:10)
  2 two-headed ogres
  A wolf spider (D:10)
  2 oklob plants (D:11)
  A manticore (D:8)
  Joseph (D:7)
  Maggie (Lair:1)
  An unseen horror (D:10)
  3 komodo dragons
  2 tengu conjurers
  An efreet (D:10)
  A kobold demonologist (D:9)
  2 trolls (D:9)
  A culicivora (shapeshifter) (D:11)
  2 wyverns
  32 yaks
  2 wraiths
  2 shadows
  5 vampire mosquitoes
  A steam dragon (D:9)
  A swamp worm (shapeshifter) (D:11)
  2 water moccasins (D:8)
  An acid dragon (D:9)
  A hornet zombie (D:8)
  6 orc warriors
  2 sky beasts
  3 ogres
  A phantom (D:5)
  10 centaurs
  7 kobold brigands
  6 bullfrogs
  A gnoll sergeant (D:9)
  A cane toad simulacrum (IceCv)
  A scorpion (D:6)
  A wyvern zombie (D:5)
  6 wights
  4 electric eels
  4 howler monkeys
  8 centaur zombies
  3 orc priests
  A bullfrog zombie (D:5)
  2 hounds
  A jelly (D:5)
  2 centaur skeletons
  4 iguanas
  Terence (D:3)
  5 orc wizards
  A killer bee zombie (D:7)
  Robin (D:3)
  2 howler monkey zombies
  9 gnolls
  3 adders
  A shadow imp (D:8)
  A white imp (D:6)
  An adder zombie (D:5)
  2 worms
  A dart slug (D:2)
  41 orcs
  4 endoplasms
  3 giant cockroaches
  19 goblins
  11 hobgoblins
  9 jackals
  35 kobolds
  A quokka (D:4)
  3 ball pythons (D:4)
  3 bats
  5 frilled lizards
  6 rats
311 creatures vanquished.

Vanquished Creatures (others)
  A gnoll (D:4)
  7 plants
8 creatures vanquished.

Grand Total: 319 creatures vanquished

Table legend:
 A = Non-vault XP
 B = Vault XP
 C = Vault XP percentage of total XP
 D = Non-vault monster count
 E = Vault monster count
 F = Vault count percentage of total count
                 A         B        C        D         E       F
            +---------+---------+-------+---------+---------+-------
      Total |   20653 |    6866 |  25.0 |     246 |      65 |  20.9
            +---------+---------+-------+---------+---------+-------
        D:1 |      41 |       0 |   0.0 |      23 |       0 |   0.0
        D:2 |      83 |       6 |   6.7 |      22 |       2 |   8.3
        D:3 |      73 |      72 |  49.7 |      11 |      12 |  52.2
        D:4 |     102 |       0 |   0.0 |      18 |       0 |   0.0
        D:5 |     830 |       0 |   0.0 |      13 |       0 |   0.0
        D:6 |     748 |       0 |   0.0 |      20 |       0 |   0.0
        D:7 |    1574 |     475 |  23.2 |      17 |       1 |   5.6
        D:8 |    3171 |       0 |   0.0 |      21 |       0 |   0.0
        D:9 |    2240 |    2075 |  48.1 |      38 |      37 |  49.3
       D:10 |    5850 |    1804 |  23.6 |      21 |       5 |  19.2
       D:11 |    4549 |    1942 |  29.9 |      34 |       6 |  15.0
       D:12 |     560 |       0 |   0.0 |       5 |       0 |   0.0
     Lair:1 |     832 |     409 |  33.0 |       3 |       1 |  25.0
      IceCv |       0 |      83 | 100.0 |       0 |       1 | 100.0
            +---------+---------+-------+---------+---------+-------

Illustrated notes

Table legend:
 A = Kills in this place as a percentage of kills in entire the game.
 B = Kills by you in this place as a percentage of kills by you in the entire game.
 C = Kills by friends in this place as a percentage of kills by friends in the entire game.
 D = Other kills in this place as a percentage of other kills in the entire game.
 E = Experience gained in this place as a percentage of experience gained in the entire game.
 F = Experience gained in this place divided by the number of levels of this place that you have seen.
                   A       B       C       D       E      F
               +-------+-------+-------+-------+-------+----------------------
         Total | 100.0 | 100.0 |   N/A |   N/A | 100.0 | 1965.6
       Dungeon |  98.4 |  98.4 |   N/A |   N/A |  95.2 | 2182.9
          Lair |   1.3 |   1.3 |   N/A |   N/A |   4.5 | 1241.0
      Ice Cave |   0.3 |   0.3 |   N/A |   N/A |   0.3 |  83.0
               +-------+-------+-------+-------+-------+----------------------

Table legend: (Time is in decaauts)
 A = Elapsed time spent in this place.
 B = Non-inter-level travel time spent in this place.
 C = Inter-level travel time spent in this place.
 D = Time resting spent in this place.
 E = Time spent auto-exploring this place.
 F = Levels seen in this place.
 G = Mean time per level.
                   A        B        C        D        E       F      G
               +--------+--------+--------+--------+--------+-----+--------+
         Total |  16115 |  15634 |    481 |   2654 |  10183 |  14 | 1151.1 |
       Dungeon |  16070 |  15589 |    481 |   2654 |  10183 |  12 | 1339.2 |
          Lair |     37 |     37 |      0 |      0 |      0 |   1 |   37.0 |
      Ice Cave |      7 |      7 |      0 |      0 |      0 |   1 |    7.0 |
               +--------+--------+--------+--------+--------+-----+--------+

Top non-repeatable levels by time:
    D:10: 2414 daAuts
     D:9: 1914 daAuts
    D:11: 1861 daAuts
     D:7: 1602 daAuts
     D:8: 1336 daAuts
     D:2: 1263 daAuts
     D:4: 1187 daAuts
     D:5: 1170 daAuts
     D:3: 1161 daAuts
     D:6: 1149 daAuts
     D:1: 943 daAuts
    D:12: 66 daAuts
  Lair:1: 37 daAuts
   IceCv: 7 daAuts
